[Event "Titled Tuesday Blitz November 14 Late 2023"]
[White "Bettalli, Francesco"]
[Black "Urazayev, Arystanbek"]
[WhiteFideId "2816453"]
[BlackFideId "13709810"]
[WhiteElo "2575"]
[BlackElo "2825"]
[Result "1-0"]
[Round "8"]
[TimeControl "180+1"]
[Date "2023.11.14"]
[WhiteClock "0:00:37"]
[BlackClock "0:00:00"]
[Board "31"]

1. e4 c5 2. Nc3 d6 3. d4 cxd4 4. Qxd4 Nc6 5. Qd2 g6 6. b3 Bh6 7. f4 e5 8. g3 exf4 9. gxf4 Qh4+ 10. Qf2 Qxf2+ 11. Kxf2 Nf6 12. Bd3 O-O 13. Nge2 Re8 14. Bb2 Nb4 15. h3 Bd7 16. a3 Nxd3+ 17. cxd3 a6 18. Rag1 Be6 19. Nd4 Bxf4 20. Nce2 Be5 21. Nxe6 fxe6 22. Bxe5 dxe5 23. Rc1 Rad8 24. Ke3 Re7 25. Rc5 h6 26. Rg1 Kg7 27. Rxe5 Nd7 28. Ra5 e5 29. Rd5 Rf8 30. Ng3 Kh7 31. Rf1 Rxf1 32. Nxf1 Nf6 33. Rd6 Kg7 34. Nd2 g5 35. Nc4 Nh5 36. Rb6 Nf4 37. Nd6 Nxh3 38. Nf5+ Kf7 39. Nxe7 Kxe7 40. Rxh6 Nf4 41. Rh7+ Kf6 42. Rxb7 g4 43. d4 g3 44. Rb6+ Kg5 45. dxe5 Kg4 46. Rb8 Ne6 47. Rg8+ Kh3 48. Rg6 g2 49. Kf2 Nf4 50. Rh6+ Kg4 51. Rf6 1-0


[Site "https://www.chess.com"]

[Event "Titled Tuesday Blitz November 14 Late 2023"]
[White "Ivic, Velimir"]
[Black "Chylewski, Patryk"]
[WhiteFideId "950122"]
[BlackFideId "1186191"]
[WhiteElo "2815"]
[BlackElo "2563"]
[Result "1-0"]
[Round "8"]
[TimeControl "180+1"]
[Date "2023.11.14"]
[WhiteClock "0:00:16"]
[BlackClock "0:00:04"]
[Board "32"]

1. Nf3 d5 2. g3 c6 3. Bg2 Bg4 4. O-O Nd7 5. h3 Bh5 6. c4 Ngf6 7. d3 e6 8. Qb3 Qb6 9. Be3 Qxb3 10. axb3 a6 11. g4 Bg6 12. Nh4 Bc5 13. Bd2 O-O-O 14. Nc3 Nb6 15. Rfc1 dxc4 16. Na4 Nxa4 17. Rxa4 cxd3 18. e3 Be7 19. g5 Nd5 20. Nf3 Nb6 21. Raa1 Be4 22. Ba5 Bxf3 23. Bxf3 d2 24. Rd1 Nd5 25. Bxd8 Rxd8 26. Rxd2 Bxg5 27. Kf1 Re8 28. Ke2 Kc7 29. Ra4 Bf6 30. h4 h6 31. h5 Ne7 32. Be4 Nd5 33. Rc4 Nb6 34. Rc1 Nd7 35. f4 Nb6 36. Kf3 Rd8 37. Rxd8 Bxd8 38. Bh7 Bf6 39. Bg8 Bxb2 40. Rd1 Nd5 41. Bxf7 e5 42. Bxd5 cxd5 43. Rxd5 exf4 44. Kxf4 Kc6 45. e4 Bf6 46. Rd3 b5 47. e5 Bg5+ 48. Kf5 a5 49. e6 a4 50. bxa4 bxa4 51. Rg3 Bf6 52. Kg6 Kb5 53. Kf7 Kb4 54. e7 Bxe7 55. Kxe7 a3 56. Kf7 a2 57. Rg1 Kb3 58. Kxg7 Kb2 59. Kxh6 a1=Q 60. Rxa1 Kxa1 61. Kg6 1-0


[Site "https://www.chess.com"]

[Event "Titled Tuesday Blitz November 14 Late 2023"]
[White "Maksimovic, Bojan"]
[Black "Weimarraner"]
[WhiteFideId "14408120"]
[WhiteElo "2786"]
[BlackElo "2545"]
[Result "0-1"]
[Round "8"]
[TimeControl "180+1"]
[Date "2023.11.14"]
[WhiteClock "0:00:52"]
[BlackClock "0:00:35"]
[Board "33"]

1. Nf3 Nf6 2. g3 g6 3. Bg2 Bg7 4. O-O c5 5. c3 O-O 6. Qc2 Qc7 7. d3 Nc6 8. Nbd2 d5 9. e4 e6 10. Re1 Nd7 11. exd5 exd5 12. Nf1 Nde5 13. Bf4 Be6 14. Nxe5 Bxe5 15. Rxe5 Nxe5 16. Qe2 f6 17. d4 cxd4 18. cxd4 Qc4 19. Qe3 g5 20. Bxe5 fxe5 21. Qxg5+ Kf7 22. Qxe5 Rfe8 23. Ne3 Qe2 24. Qf4+ Kg8 25. Qg5+ Kh8 26. Qf6+ Kg8 27. Rc1 Qh5 28. Rc7 Qg6 29. Nxd5 Qb1+ 30. Bf1 Qxf1+ 31. Kxf1 Bh3+ 32. Kg1 Re1# 0-1


[Site "https://www.chess.com"]

[Event "Titled Tuesday Blitz November 14 Late 2023"]
[White "Rohan, Ahuja"]
[Black "Vafin, Ayrat"]
[WhiteFideId "5090598"]
[BlackFideId "4146530"]
[WhiteElo "2703"]
[BlackElo "2544"]
[Result "1-0"]
[Round "8"]
[TimeControl "180+1"]
[Date "2023.11.14"]
[WhiteClock "0:00:10"]
[BlackClock "0:00:00"]
[Board "34"]

1. Nf3 d5 2. g3 Nf6 3. Bg2 Bg4 4. c4 c6 5. Ne5 Be6 6. cxd5 Bxd5 7. Nf3 g6 8. Nc3 Bxf3 9. Bxf3 Bg7 10. O-O O-O 11. d4 Nbd7 12. Bf4 Re8 13. Qc2 e5 14. dxe5 Nxe5 15. Bg2 Qb6 16. b3 Nh5 17. Be3 Qa5 18. Bd2 Qc5 19. Rac1 Rad8 20. Be3 Qb4 21. h3 Nd7 22. Ne4 f5 23. Bd2 Qe7 24. Qc4+ Kh8 25. Bb4 c5 26. Nxc5 Nxc5 27. Bxc5 Qxe2 28. Bxb7 Qxa2 29. Bc6 Re2 30. Bf3 Ree8 31. Bxh5 gxh5 32. Rfe1 Rxe1+ 33. Rxe1 Qa5 34. b4 Qc7 35. Qh4 Rf8 36. Bxf8 Bxf8 37. Qxh5 Qc3 38. Re8 Kg7 39. Qxf5 Qc1+ 40. Kh2 1-0


[Site "https://www.chess.com"]

[Event "Titled Tuesday Blitz November 14 Late 2023"]
[White "MKlose11"]
[Black "Jovic, Stanoje"]
[BlackFideId "905020"]
[WhiteElo "2686"]
[BlackElo "2543"]
[Result "0-1"]
[Round "8"]
[TimeControl "180+1"]
[Date "2023.11.14"]
[WhiteClock "0:00:46"]
[BlackClock "0:00:08"]
[Board "35"]

1. e4 c6 2. Nc3 d5 3. g3 dxe4 4. Nxe4 Nf6 5. Bg2 Nxe4 6. Bxe4 Nd7 7. Ne2 Nf6 8. Bg2 Bg4 9. O-O e6 10. h3 Bh5 11. Qe1 Bg6 12. d3 Bc5 13. Nf4 O-O 14. Nxg6 hxg6 15. c3 a5 16. d4 Bd6 17. Qe2 Qc7 18. Re1 b5 19. Qf3 Rfc8 20. a4 Rab8 21. Bg5 Nd5 22. Re2 f6 23. Bd2 Kf7 24. Rae1 Re8 25. axb5 cxb5 26. Rxe6 Rxe6 27. Qxd5 Re8 28. Qa2 Bxg3 29. Bd5 Bxf2+ 30. Kxf2 Qh2+ 31. Bg2 g5 32. Qd5 Re7 33. Rxe6 Rxe6 34. Qf3 Kg6 35. Be3 a4 36. d5 Re5 37. Bd4 Rf5 38. d6 Rxf3+ 39. Kxf3 Qxd6 40. Bf1 b4 41. Bd3+ Kh6 42. Bf5 a3 43. bxa3 bxa3 44. Bc5 Qxc5 0-1


[Site "https://www.chess.com"]

[Event "Titled Tuesday Blitz November 14 Late 2023"]
[White "Solon, Nathan"]
[Black "Omariev, Maksim"]
[WhiteFideId "2017229"]
[BlackFideId "4193423"]
[WhiteElo "2685"]
[BlackElo "2527"]
[Result "1-0"]
[Round "8"]
[TimeControl "180+1"]
[Date "2023.11.14"]
[WhiteClock "0:00:08"]
[BlackClock "0:00:03"]
[Board "36"]

1. d4 h5 2. e4 h4 3. h3 d6 4. Nf3 e6 5. Nc3 Be7 6. Bd3 Nf6 7. O-O a6 8. Qe2 Nh5 9. a4 Nc6 10. d5 Nb4 11. Bc4 e5 12. a5 Bd7 13. Nb1 g5 14. Nh2 b5 15. axb6 cxb6 16. c3 b5 17. Bb3 Qb6 18. Be3 Nf4 19. Bxf4 gxf4 20. cxb4 Rg8 21. Kh1 O-O-O 22. Nd2 Rg6 23. f3 Rg3 24. Qf2 Qb7 25. Ng4 Kb8 26. Ra3 Rg8 27. Rfa1 Bc8 28. Nf1 Bd8 29. Nxg3 Bb6 30. Qe2 hxg3 31. Bc2 Rh8 32. Bd3 Qa7 33. Bxb5 Qc7 34. Bxa6 f5 35. Bxc8 Kxc8 36. Ra8+ Kb7 37. Qa6# 1-0


[Site "https://www.chess.com"]

[Event "Titled Tuesday Blitz November 14 Late 2023"]
[White "Bjelobrk, Igor"]
[Black "Kanyamarala, Trisha"]
[WhiteFideId "4300726"]
[BlackFideId "45004722"]
[WhiteElo "2676"]
[BlackElo "2512"]
[Result "1-0"]
[Round "8"]
[TimeControl "180+1"]
[Date "2023.11.14"]
[WhiteClock "0:01:21"]
[BlackClock "0:00:03"]
[Board "37"]

1. d4 Nf6 2. c4 e6 3. g3 d5 4. Nf3 dxc4 5. Bg2 Nc6 6. Qa4 Bb4+ 7. Bd2 Bxd2+ 8. Nbxd2 O-O 9. Qxc4 a6 10. Rc1 Rb8 11. O-O Re8 12. e3 Qd6 13. a3 Bd7 14. Qc5 e5 15. dxe5 Nxe5 16. Qxc7 Qxc7 17. Rxc7 Bb5 18. Ra1 Nd3 19. Nd4 Bd7 20. b4 b5 21. Rc3 Ne5 22. Rac1 h5 23. h3 Be6 24. Nxe6 Rxe6 25. f4 Nc4 26. Nxc4 bxc4 27. Kf2 Rd8 28. R1c2 Ne4+ 29. Bxe4 Rxe4 30. Rxc4 Re6 31. Rc8 Rxc8 32. Rxc8+ Kh7 33. Ra8 Rc6 34. Kf3 g6 35. g4 hxg4+ 36. hxg4 Kg7 37. g5 Kh7 38. Ra7 Kg7 39. Ke4 Re6+ 40. Kd4 Rd6+ 41. Kc5 Re6 42. a4 Rxe3 43. Rxa6 Re4 44. b5 Rxf4 45. b6 Rf1 46. b7 Rc1+ 47. Kb6 Rb1+ 48. Ka7 Kh7 49. b8=Q Rxb8 50. Kxb8 Kg7 51. Rf6 Kh7 52. Rxf7+ Kg8 53. Rb7 1-0


[Site "https://www.chess.com"]

[Event "Titled Tuesday Blitz November 14 Late 2023"]
[White "Grossboss19"]
[Black "Sivakumar, Shaaketh"]
[BlackFideId "30940176"]
[WhiteElo "2474"]
[BlackElo "2649"]
[Result "0-1"]
[Round "8"]
[TimeControl "180+1"]
[Date "2023.11.14"]
[WhiteClock "0:00:49"]
[BlackClock "0:02:38"]
[Board "38"]

1. c4 e6 2. Nc3 b6 3. d4 Bb7 4. Nf3 Bb4 5. Bd2 f5 6. g3 Nf6 7. Bg2 O-O 8. O-O Qe7 9. a3 Bxc3 10. Bxc3 Ne4 11. Rc1 d6 12. Nd2 Nxc3 13. Rxc3 Bxg2 14. Kxg2 Nd7 15. e4 f4 16. Rf3 e5 17. Kh1 exd4 18. gxf4 Qh4 19. Nb3 c5 20. Qd2 Ne5 21. Rg3 Qxf4 22. Qxf4 Rxf4 23. f3 Nxc4 24. Rf2 Raf8 25. Nc1 Rxe4 26. Kg1 Re1+ 27. Rf1 Rxf1+ 28. Kxf1 Nxb2 29. Rg5 Rxf3+ 30. Ke2 Re3+ 31. Kd2 h6 32. Rd5 Kf7 33. Rxd6 Nc4+ 0-1


[Site "https://www.chess.com"]

[Event "Titled Tuesday Blitz November 14 Late 2023"]
[White "Jamal-Jamal-Jamal"]
[Black "Gubajdullin, Alexei"]
[BlackFideId "4141202"]
[WhiteElo "2450"]
[BlackElo "2631"]
[Result "1/2-1/2"]
[Round "8"]
[TimeControl "180+1"]
[Date "2023.11.14"]
[WhiteClock "0:00:04"]
[BlackClock "0:00:06"]
[Board "39"]

1. e4 g6 2. d4 Bg7 3. f4 d6 4. Nc3 a6 5. Nf3 b5 6. Bd3 Nd7 7. Ne2 c5 8. c3 Ngf6 9. Be3 Bb7 10. Ng3 cxd4 11. cxd4 d5 12. e5 Ne4 13. O-O e6 14. Nd2 Nxd2 15. Qxd2 O-O 16. b3 Qb6 17. Kh1 Rfc8 18. Ne2 Bf8 19. g4 f5 20. gxf5 exf5 21. Ng3 Qe6 22. Rac1 Ba3 23. Rxc8+ Rxc8 24. Rg1 Kh8 25. Qe2 Nc5 26. Bb1 Ne4 27. Nxe4 dxe4 28. h3 Rc3 29. Kh2 Qd5 30. Rd1 Bf8 31. Qd2 b4 32. Qf2 Be7 33. Re1 a5 34. Rd1 Bc6 35. Bc2 Bb5 36. Qd2 Bd3 37. Bxd3 exd3 38. Rc1 Qc6 39. Rxc3 Qxc3 40. d5 Bc5 41. e6 Bxe3 42. Qxe3 d2 43. Qxc3+ bxc3 44. e7 d1=Q 45. e8=Q+ Kg7 46. Qe5+ Kh6 47. Qxc3 Qxd5 48. Kg3 Qe4 49. h4 Qb4 50. Qe5 Kh5 51. Qe2+ Kh6 52. h5 Qc3+ 53. Kg2 Qd4 54. hxg6 hxg6 55. Kg3 Qd5 56. Qh2+ Kg7 57. Qb2+ Kf7 58. Qe2 Qd4 59. Kf3 Qc3+ 60. Kf2 Kg7 61. Qe7+ Kh6 62. Qf8+ Kh7 63. Qf7+ Kh6 64. Qf8+ Kh5 65. Qe7 Qd4+ 66. Kf3 Qd3+ 67. Kf2 Qd2+ 68. Kf3 Qd1+ 69. Kf2 Qc2+ 70. Kf3 Qc3+ 71. Kf2 Qd4+ 72. Kf3 Qd1+ 73. Kf2 Qd2+ 74. Kf3 Qd3+ 75. Kf2 Kg4 76. Qg5+ Kh3 77. Qg2+ Kh4 78. Qxg6 Qd4+ 79. Kf3 Qe4+ 80. Kf2 Qxf4+ 81. Kg2 Qe4+ 82. Kf2 Qf4+ 83. Kg2 Qd2+ 84. Kf3 Qd3+ 85. Kf2 Qe4 86. Qh6+ Kg4 87. Qg6+ Kh4 88. Qh6+ Kg4 89. Qg6+ Kh4 1/2-1/2


[Site "https://www.chess.com"]

[Event "Titled Tuesday Blitz November 14 Late 2023"]
[White "Esquivel Golcher, Luis Enrique"]
[Black "Golubev, Mikhail"]
[WhiteFideId "6600174"]
[BlackFideId "14100983"]
[WhiteElo "2415"]
[BlackElo "2621"]
[Result "1-0"]
[Round "8"]
[TimeControl "180+1"]
[Date "2023.11.14"]
[WhiteClock "0:00:34"]
[BlackClock "0:00:00"]
[Board "40"]

1. e4 c5 2. Nf3 d6 3. d4 Nf6 4. Nc3 cxd4 5. Nxd4 g6 6. Be2 Bg7 7. O-O O-O 8. Kh1 Nc6 9. Nb3 Be6 10. f4 Qc8 11. Bf3 Bc4 12. Re1 Rd8 13. Nd5 e6 14. Nxf6+ Bxf6 15. c3 e5 16. Bg4 Qc7 17. Be3 d5 18. exd5 exf4 19. d6 Rxd6 20. Bxf4 Rxd1 21. Bxc7 Rxa1 22. Rxa1 a5 23. Bf3 a4 24. Nd2 Be6 25. Ne4 Bg7 26. Nc5 a3 27. bxa3 Rxa3 28. Nxe6 fxe6 29. Bg4 Kf7 30. Bd6 Rxc3 31. Rf1+ Bf6 32. Bf3 Kg7 33. Bg4 e5 34. h3 h5 35. Be6 Nd4 36. Bd5 Nf5 37. Bb4 Rd3 38. Bxb7 Ng3+ 39. Kg1 Nxf1 40. Kxf1 e4 41. a3 Rd4 42. Ke2 Bg5 43. Bc3 Bf6 44. Bxd4 Bxd4 45. Bxe4 Kf6 46. Kd3 Bc5 47. a4 g5 48. Kc4 Bf2 49. Kb5 Ke5 50. Bf3 h4 51. Kc6 1-0


[Site "https://www.chess.com"]

[Event "Titled Tuesday Blitz November 14 Late 2023"]
[White "Fiorito, Francisco"]
[Black "VitaliyChayka"]
[WhiteFideId "180165"]
[WhiteElo "2605"]
[BlackElo "2357"]
[Result "1-0"]
[Round "8"]
[TimeControl "180+1"]
[Date "2023.11.14"]
[WhiteClock "0:01:06"]
[BlackClock "0:00:00"]
[Board "41"]

1. Nf3 d6 2. d4 Nd7 3. g3 e5 4. dxe5 Nxe5 5. Nxe5 dxe5 6. Qxd8+ Kxd8 7. Bg2 c6 8. Nc3 Be6 9. Be3 Kc7 10. O-O-O Nf6 11. h3 Bb4 12. Ne4 Nxe4 13. Bxe4 f5 14. Bg2 Rhd8 15. a3 Be7 16. Bd2 Rd7 17. Bc3 Bf6 18. b3 Rad8 19. Rxd7+ Rxd7 20. e3 Bd5 21. Rg1 Bxg2 22. Rxg2 Kd6 23. Rg1 Ke6 24. a4 e4 25. Bxf6 Kxf6 26. Rd1 Rxd1+ 27. Kxd1 g5 28. Kd2 Ke5 29. Kc3 h5 30. Kc4 b6 31. a5 f4 32. b4 f3 33. g4 h4 34. c3 bxa5 35. bxa5 Kd6 36. Kd4 a6 37. c4 1-0


[Site "https://www.chess.com"]

[Event "Titled Tuesday Blitz November 14 Late 2023"]
[White "Pakleza, Zbigniew"]
[Black "Mazzilli, Piero"]
[WhiteFideId "1119290"]
[BlackFideId "807087"]
[WhiteElo "2801"]
[BlackElo "2378"]
[Result "1-0"]
[Round "8"]
[TimeControl "180+1"]
[Date "2023.11.14"]
[WhiteClock "0:00:35"]
[BlackClock "0:00:20"]
[Board "42"]

1. b4 e6 2. Bb2 d5 3. Nf3 Nf6 4. a3 a5 5. b5 c5 6. e3 Bd6 7. c4 b6 8. Nc3 Bb7 9. Be2 O-O 10. O-O Nbd7 11. d4 Rc8 12. Rc1 dxc4 13. Bxc4 cxd4 14. Qxd4 Bxf3 15. Qxd6 Bxg2 16. Kxg2 Rxc4 17. Ne2 Qa8+ 18. f3 Rfc8 19. Rxc4 Rxc4 20. Rd1 Rc2 21. Rd2 Rxd2 22. Qxd2 Qd5 23. Qxd5 Nxd5 24. e4 Ne3+ 25. Kg3 Nc4 26. Bc1 e5 27. Nc3 Nf6 28. Kf2 Kf8 29. Ke2 h6 30. Kd3 Nd6 31. Be3 Nc8 32. Na4 Nd7 33. Kc4 Nd6+ 34. Kd5 Nxb5 35. Kc6 Nxa3 36. Kxd7 b5 37. Bc5+ Kg8 38. Bxa3 bxa4 39. Kd6 f6 40. Ke6 Kh7 41. Kf7 h5 42. Bc1 h4 43. h3 Kh8 44. Kg6 Kg8 45. Kh5 Kf7 46. Kxh4 Ke6 47. Kh5 Kd6 48. Kg6 Kc5 49. Kxg7 Kb4 50. h4 a3 51. Bxa3+ Kxa3 52. h5 a4 53. h6 Kb3 54. h7 a3 55. h8=Q a2 56. Qh1 Kb2 57. Kxf6 1-0


[Site "https://www.chess.com"]

[Event "Titled Tuesday Blitz November 14 Late 2023"]
[White "Schnaider, Ilan"]
[Black "Jaskolka, Tomasz"]
[WhiteFideId "169013"]
[BlackFideId "1170791"]
[WhiteElo "2715"]
[BlackElo "2537"]
[Result "1-0"]
[Round "8"]
[TimeControl "180+1"]
[Date "2023.11.14"]
[WhiteClock "0:01:13"]
[BlackClock "0:00:04"]
[Board "43"]

1. e4 d5 2. exd5 Nf6 3. d4 Bg4 4. Bb5+ Nbd7 5. f3 Bf5 6. Nc3 a6 7. Bd3 Bxd3 8. Qxd3 Nb6 9. Nge2 Nbxd5 10. Ne4 e6 11. c4 Nb4 12. Qc3 Nc6 13. a3 Be7 14. Be3 O-O 15. O-O Qd7 16. Rad1 Rfd8 17. N2g3 Nxe4 18. fxe4 Bf8 19. d5 exd5 20. exd5 Ne7 21. Bd4 Qg4 22. h3 Qg6 23. Qf3 b5 24. h4 h5 25. Nxh5 bxc4 26. Nf4 Qf5 27. g4 Qh7 28. Nh5 Qg6 29. Nf4 Qh7 30. h5 Rab8 31. Bc3 Nc8 32. Nh3 Bc5+ 33. Kg2 Nd6 34. Ng5 Qc2+ 35. Rd2 Qb3 36. h6 gxh6 37. Nxf7 Rf8 38. Nxh6+ Kh7 39. Nf5 Nxf5 40. gxf5 Rg8+ 41. Kh1 Rg5 42. Rh2+ Kg8 43. Qe4 Qb6 44. Rh8+ Kf7 45. Qe6+ Qxe6 46. fxe6+ Ke7 47. Rxb8 Rh5+ 48. Kg2 Rxd5 49. Bb4 Kxe6 50. Bxc5 Rxc5 51. Rd1 c3 52. bxc3 Rxc3 53. a4 Rc4 54. Ra1 a5 55. Rb5 1-0


[Site "https://www.chess.com"]

[Event "Titled Tuesday Blitz November 14 Late 2023"]
[White "Statham_l3"]
[Black "Hambleton, Aman"]
[BlackFideId "2606577"]
[WhiteElo "2536"]
[BlackElo "2710"]
[Result "0-1"]
[Round "8"]
[TimeControl "180+1"]
[Date "2023.11.14"]
[WhiteClock "0:00:00"]
[BlackClock "0:00:03"]
[Board "44"]

1. e4 b6 2. d4 Bb7 3. Nc3 e6 4. Bd3 Nf6 5. Nge2 d5 6. e5 Ng8 7. O-O Ne7 8. f4 Ba6 9. Ng3 Bxd3 10. Qxd3 g6 11. b4 Qd7 12. a4 Nbc6 13. b5 Na5 14. Kh1 h5 15. h4 Nc4 16. Nce4 Bg7 17. Nf6+ Bxf6 18. exf6 Nf5 19. Nxf5 gxf5 20. Ba3 Rg8 21. Be7 Rg4 22. g3 c6 23. bxc6 Qxc6 24. Rfe1 Kd7 25. c3 Rag8 26. Rg1 Qc7 27. Kh2 Kc8 28. a5 Nxa5 29. Bb4 Nc4 30. Kh3 Kb7 31. Be7 Qc6 32. Rab1 Rc8 33. Rb3 Na5 34. Ra3 Qc4 35. Qc2 Qxd4 0-1


[Site "https://www.chess.com"]

[Event "Titled Tuesday Blitz November 14 Late 2023"]
[White "Wu, Derek"]
[Black "TimGrutter03"]
[WhiteFideId "30914558"]
[WhiteElo "2669"]
[BlackElo "2536"]
[Result "1-0"]
[Round "8"]
[TimeControl "180+1"]
[Date "2023.11.14"]
[WhiteClock "0:01:30"]
[BlackClock "0:00:00"]
[Board "45"]

1. e4 c5 2. Nf3 d6 3. d4 Nf6 4. Nc3 cxd4 5. Nxd4 Nc6 6. Bg5 e6 7. Qd2 a6 8. Nxc6 bxc6 9. Bc4 d5 10. Bb3 Be7 11. O-O-O h6 12. Bh4 Nxe4 13. Nxe4 Bxh4 14. Qc3 O-O 15. Qxc6 Bd7 16. Qb7 dxe4 17. Rxd7 Qg5+ 18. Kb1 Qxg2 19. Rhd1 Qxf2 20. Bxe6 Rab8 21. Rxf7 Rxf7 22. Qxb8+ Kh7 23. Bxf7 Qxf7 24. Qe5 Qf3 25. Qd5 1-0


[Site "https://www.chess.com"]

[Event "Titled Tuesday Blitz November 14 Late 2023"]
[White "Adla, Diego"]
[Black "D`Arruda, Ricardo D."]
[WhiteFideId "100072"]
[BlackFideId "100692"]
[WhiteElo "2654"]
[BlackElo "2517"]
[Result "1-0"]
[Round "8"]
[TimeControl "180+1"]
[Date "2023.11.14"]
[WhiteClock "0:00:03"]
[BlackClock "0:00:00"]
[Board "46"]

1. c4 e6 2. g3 d5 3. Bg2 Nf6 4. Nf3 Be7 5. O-O c5 6. cxd5 Nxd5 7. Nc3 O-O 8. e4 Nb4 9. d4 cxd4 10. Nxd4 N8c6 11. Be3 Nxd4 12. Bxd4 Nc6 13. Be3 b6 14. Qe2 Nd4 15. Bxd4 Qxd4 16. Rfd1 Qe5 17. Rac1 Bb7 18. Rd7 Bg5 19. f4 Qc5+ 20. Kh1 Bc6 21. Rdd1 Be7 22. Nd5 exd5 23. Rxc5 Bxc5 24. exd5 Bd7 25. h3 Rfe8 26. Qd2 a5 27. Re1 Rxe1+ 28. Qxe1 Re8 29. Qd1 Re3 30. Kh2 h6 31. a3 Kf8 32. Qd2 a4 33. Qc2 Ke7 34. d6+ Kxd6 35. Qh7 Bd4 36. Qg8 Ke7 37. Bd5 Re2+ 38. Kh1 Be8 39. Qh7 Bxb2 40. Qd3 Re1+ 41. Kg2 Bf6 42. Qc2 Bd7 43. Qd2 Ra1 44. Qb4+ Ke8 45. Qd6 Re1 46. Qb8+ Ke7 47. Qxb6 Re2+ 48. Kf3 Rb2 49. Qc5+ Ke8 50. g4 g5 51. Qe3+ Kf8 52. f5 Bb5 53. Qc5+ Kg7 54. Qc7 Be8 55. Qc8 Bb5 56. Qb7 Be8 57. Qa8 Rd2 58. Qxe8 Rxd5 59. Qxa4 Rd3+ 60. Ke4 Rxh3 61. Qc4 Rg3 62. Kd5 1-0


[Site "https://www.chess.com"]

[Event "Titled Tuesday Blitz November 14 Late 2023"]
[White "elmusmolamas"]
[Black "ArtemDyachuk"]
[WhiteElo "2517"]
[BlackElo "2627"]
[Result "1-0"]
[Round "8"]
[TimeControl "180+1"]
[Date "2023.11.14"]
[WhiteClock "0:00:51"]
[BlackClock "0:01:20"]
[Board "47"]

1. e4 c5 2. Nf3 d6 3. Bb5+ Bd7 4. Bxd7+ Qxd7 5. c4 Nf6 6. Nc3 Nc6 7. O-O g6 8. d4 cxd4 9. Nxd4 Bg7 10. Be3 O-O 11. f3 Rac8 12. b3 a6 13. Rc1 Nxd4 14. Bxd4 b5 15. cxb5 axb5 16. Qd3 b4 17. Nd5 Nxd5 18. exd5 Rxc1 19. Rxc1 Rc8 20. Rxc8+ Qxc8 21. Bxg7 Qc1+ 22. Kf2 Kxg7 23. Qd4+ f6 24. Qxb4 Qb2+ 25. Kg3 Qe5+ 26. Qf4 Qxd5 27. Qe4 Qg5+ 28. Kf2 Qd2+ 29. Qe2 Qd4+ 30. Qe3 Qb2+ 31. Qe2 Qd4+ 32. Qe3 Qh4+ 33. Kg1 e5 34. Qd2 d5 35. g3 Qh5 36. Qxd5 Qf5 37. Qb7+ Kh6 38. Qe4 Qe6 39. Qe3+ Kg7 40. Qa7+ Kh6 41. Qe3+ Kg7 42. a4 Qa6 43. Kf2 Qa5 44. h4 Qb4 45. Qd3 Qc5+ 46. Kg2 Qa3 47. Qb1 Qb4 48. Qa2 Qa5 49. Qc2 Qb4 50. Qb2 Qa5 51. b4 Qxa4 52. b5 Qa7 53. b6 Qb7 54. Qb4 e4 55. fxe4 f5 56. Kh2 fxe4 57. Qc3+ Kh6 58. Qc1+ Kg7 59. Qc7+ Qxc7 60. bxc7 e3 61. c8=Q e2 62. Qc3+ 1-0


[Site "https://www.chess.com"]

[Event "Titled Tuesday Blitz November 14 Late 2023"]
[White "Pesotskiy, Mikhail"]
[Black "Flameboard08"]
[WhiteFideId "34164453"]
[WhiteElo "2514"]
[BlackElo "2623"]
[Result "0-1"]
[Round "8"]
[TimeControl "180+1"]
[Date "2023.11.14"]
[WhiteClock "0:00:18"]
[BlackClock "0:00:04"]
[Board "48"]

1. d4 b6 2. c4 Bb7 3. Bg5 h6 4. Bh4 d6 5. Nc3 Nd7 6. e4 c5 7. d5 Ngf6 8. f4 e6 9. dxe6 fxe6 10. Bd3 Be7 11. Nf3 O-O 12. O-O Ng4 13. Bxe7 Qxe7 14. Qe2 Rxf4 15. Rad1 Raf8 16. Bb1 Nde5 17. Nb5 Nxf3+ 18. gxf3 Ne5 19. Nxd6 Nxf3+ 20. Kh1 Ba8 21. Qe3 Qh4 22. Rf2 Qh5 23. Nf5 R8xf5 24. exf5 Nxh2+ 25. Kg1 Rg4+ 0-1


[Site "https://www.chess.com"]

[Event "Titled Tuesday Blitz November 14 Late 2023"]
[White "Sakun, Volodymyr"]
[Black "Kubicka, Anna"]
[WhiteFideId "14114062"]
[BlackFideId "1152254"]
[WhiteElo "2617"]
[BlackElo "2476"]
[Result "1/2-1/2"]
[Round "8"]
[TimeControl "180+1"]
[Date "2023.11.14"]
[WhiteClock "0:00:05"]
[BlackClock "0:00:09"]
[Board "49"]

1. e4 c5 2. c3 g6 3. d4 Bg7 4. dxc5 Qc7 5. Be3 Nf6 6. f3 O-O 7. Na3 Na6 8. Nb5 Qc6 9. b4 b6 10. cxb6 axb6 11. Rc1 d6 12. Bd3 Nc7 13. a4 Nd7 14. Ne2 Ne5 15. Ned4 Nxd3+ 16. Qxd3 Qb7 17. Nxc7 Qxc7 18. Nb5 Qd7 19. Qd1 Ba6 20. c4 Bxb5 21. axb5 Bb2 22. Rb1 Bc3+ 23. Bd2 Bd4 24. Bh6 e5 25. Bxf8 Kxf8 26. Qc2 Qe7 27. Kf1 Qh4 28. g3 Qh3+ 29. Qg2 Qh6 30. Qe2 Ra3 31. Kg2 Re3 32. Qc2 Rc3 33. Qe2 Re3 34. Qa2 Rc3 35. Rhf1 Qe3 36. Rbe1 Qd3 37. Re2 Qxc4 38. Qxc4 Rxc4 39. Rb1 Ke7 40. Ra2 Ke6 41. h4 h5 42. Kf1 Rc3 43. Kg2 Rd3 44. Rc2 Ra3 45. Re2 Rd3 46. Rc2 Ra3 47. Re2 Rc3 48. Ra2 Rd3 49. Re2 Ra3 50. Rc2 Rd3 51. Re2 Ra3 52. Rc2 Rd3 53. Re2 1/2-1/2


[Site "https://www.chess.com"]

[Event "Titled Tuesday Blitz November 14 Late 2023"]
[White "Willy, Stephen"]
[Black "Vlassov, Nikolai"]
[WhiteFideId "30981468"]
[BlackFideId "4103360"]
[WhiteElo "2474"]
[BlackElo "2615"]
[Result "1-0"]
[Round "8"]
[TimeControl "180+1"]
[Date "2023.11.14"]
[WhiteClock "0:00:14"]
[BlackClock "0:00:00"]
[Board "50"]

1. e4 Nc6 2. d4 d5 3. e5 h5 4. Bb5 Bg4 5. f3 Bf5 6. c4 dxc4 7. Bxc6+ bxc6 8. Qa4 Qd7 9. Qxc4 e6 10. Nc3 Ne7 11. Nge2 Nd5 12. O-O Be7 13. Ne4 O-O 14. Bd2 Rfb8 15. b3 a5 16. a4 Nb4 17. Rac1 Qd5 18. Nf4 Qxc4 19. Rxc4 h4 20. Rfc1 Nd5 21. Rxc6 Nxf4 22. Bxf4 Rxb3 23. Rxc7 Bf8 24. Nd6 h3 25. Nxf5 exf5 26. d5 hxg2 27. Kxg2 Rb4 28. R1c4 Re8 29. d6 g5 30. Bxg5 Rxe5 31. d7 Rd5 32. d8=Q Rxd8 33. Bxd8 Rb2+ 34. Rc2 Rb4 35. R7c4 Rb8 36. Bxa5 Kg7 37. Bc7 Ra8 38. Be5+ f6 39. Bb2 Bd6 40. Rc6 Bf4 41. Bxf6+ Kf7 42. Bb2 Rxa4 43. Rf6+ Ke7 44. Rxf5 1-0


[Site "https://www.chess.com"]

[Event "Titled Tuesday Blitz November 14 Late 2023"]
[White "Nikologorsky, Matfei"]
[Black "Roberson, Peter T"]
[WhiteFideId "24102474"]
[BlackFideId "412384"]
[WhiteElo "2459"]
[BlackElo "2611"]
[Result "0-1"]
[Round "8"]
[TimeControl "180+1"]
[Date "2023.11.14"]
[WhiteClock "0:00:09"]
[BlackClock "0:01:27"]
[Board "51"]

1. e4 d6 2. d4 Nf6 3. Nc3 c6 4. Nf3 Bg4 5. h3 Bh5 6. Bd3 e6 7. Be3 Be7 8. g4 Bg6 9. Qe2 d5 10. e5 Nfd7 11. h4 c5 12. h5 Bxd3 13. cxd3 Nc6 14. Rc1 cxd4 15. Bxd4 h6 16. O-O O-O 17. Nb5 Qb8 18. Rfe1 Rc8 19. Be3 a6 20. Nbd4 Ndxe5 21. Nxe5 Qxe5 22. Nf3 Qd6 23. g5 hxg5 24. Bxg5 Bxg5 25. Nxg5 Nd4 26. Qg4 Rxc1 27. Rxc1 Qf4 28. Qxf4 Ne2+ 29. Kh2 Nxf4 30. Rc7 f6 31. Nf7 Nxd3 32. Rxb7 Nxf2 33. Kg3 Ne4+ 34. Kf4 Rf8 35. h6 g5+ 36. Nxg5 Nxg5 37. Rb6 Kh7 38. Rxa6 Kxh6 39. b4 d4 40. b5 d3 41. Ke3 Rd8 42. Kd2 Ne4+ 43. Kd1 d2 44. Ra3 Nf2+ 45. Ke2 d1=Q+ 46. Kxf2 Rd2+ 47. Ke3 Qe1+ 48. Kf3 Rf2+ 49. Kg3 Qg1+ 50. Kh3 Rh2# 0-1


[Site "https://www.chess.com"]

[Event "Titled Tuesday Blitz November 14 Late 2023"]
[White "szachmistrz2500"]
[Black "OPQRC"]
[WhiteElo "2455"]
[BlackElo "2597"]
[Result "0-1"]
[Round "8"]
[TimeControl "180+1"]
[Date "2023.11.14"]
[WhiteClock "0:00:06"]
[BlackClock "0:01:11"]
[Board "52"]

1. Nf3 Nf6 2. g3 g6 3. Bg2 h5 4. d3 h4 5. Nxh4 e5 6. c4 Nc6 7. Nc3 Be7 8. Nf3 d6 9. h4 Bg4 10. Bg5 Qd7 11. Qd2 O-O-O 12. O-O-O Kb8 13. Kb1 Bf5 14. Ne1 Ng4 15. e4 Be6 16. Nc2 f6 17. Be3 f5 18. Nd5 Nxe3 19. fxe3 g5 20. Nxe7 Qxe7 21. exf5 Bxf5 22. Bxc6 bxc6 23. hxg5 Qxg5 24. Rhg1 Rh3 25. Qa5 c5 26. e4 Bd7 27. Qd2 Qg6 28. g4 Rdh8 29. Rg2 Rh1 30. Ne3 Rxd1+ 31. Qxd1 Qg5 32. Qf3 Rh1+ 33. Kc2 Qh4 34. Qg3 Qg5 35. Nf5 Ba4+ 36. Kc3 Rc1+ 37. Rc2 Rxc2# 0-1


[Site "https://www.chess.com"]